 Dungeon Crawl Stone Soup version 0.32-a0-607-g64ea0e4219 (console) character file.

Game seed: 2960301642756260987

2152093 elliptic the Conqueror (level 27, 249/249 HPs)
             Began as a Coglin Fighter on Mar 3, 2024.
             Was a High Priest of Okawaru.
             Escaped with the Orb
             ... and 3 runes
             ... and 2 gems!
             The game lasted 03:13:50 (50549 turns).

elliptic the Conqueror (Coglin Fighter)            Turns: 50549, Time: 03:13:50

Health: 249/249    AC: 39    Str: 28    XL:     27
Magic:  32/32      EV: 25    Int:  9    God:    Okawaru [*****.]
Gold:   558        SH:  4    Dex: 20    Spells: 26/26 levels left

rFire   + + .        a - +8 eveningstar {freeze, rPois, norare}
rCold   . . .        b - +9 eveningstar (spect) {Kamaljyot}
rNeg    . . .        M - +7 fire dragon scales {nodragon}
rPois   +            g - +2 helmet of Ru's Grace {rC+ Dex+2}
rElec   .            O - +2 cloak {rPois}
rCorr   .            B - +0 pair of fencer's gloves {Riposte Dex+3}
SInv    .            v - +3 pair of boots "Niereos" {Dex+2 Stlth+}
Will    +++..        (amulet unavailable)
Stlth   +            (ring unavailable)
HPRegen 1.41/turn    (ring unavailable)
MPRegen 0.23/turn    c - neoablative actuator {Gadgeteer, Will+ Slay+3}

%: clarity
@: hasted, studying 2 skills, very quick
A: off-hand wielding, slow wielding, warmup strikes, no jewellery, iridescent
scales 1, large bone plates 1, clarity, clumsy 1, regeneration 1
0: Orb of Zot
}: 3/15 runes: decaying, silver, gossamer
a: Renounce Religion, Heroism, Finesse, Duel


You escaped.
You worshipped Okawaru.
Okawaru was extremely pleased with you.
You visited 11 branches of the dungeon, and saw 51 of its levels.
You also visited: Volcano, Wizlab and Desolation.

You collected 10183 gold pieces.
You spent 9625 gold pieces at shops.


Innate Abilities, Weirdness & Mutations

You can wield a second weapon in your off-hand.
It takes a long time for you to wield or remove held weapons.
Your first few attacks do less damage.
You cannot equip rings or amulets.
You are partially covered in iridescent scales. (AC +2)
You are partially covered in large bone plates. (SH +4)
You possess an exceptional clarity of mind.
You are clumsy. (Dex -2)
Your natural rate of healing is unusually fast.


   Skills:
 O Level 27 Fighting
 - Level 4.0(12.0) Axes
 - Level 16.0(16.1) Maces & Flails
 + Level 21.1 Armour
 + Level 21.2 Dodging
 - Level 2.1 Shields
 - Level 12.0 Invocations
 - Level 18.0 Evocations


You had 26 spell levels left.
You didn't know any spells.
Your spell library contained the following spells:

 Spells                   Type           Power      Damage    Failure   Level
 Apportation              Tloc           0%         N/A       56%         1
 Freeze                   Ice            0%         1d3       56%         1
 Kiss of Death            Conj/Necr      0%         2d5       56%         1
 Magic Dart               Conj           0%         1d3       56%         1
 Necrotise                Necr           0%         1d4       56%         1
 Sandblast                Erth           0%         2d4       56%         1
 Shock                    Conj/Air       0%         1d3       56%         1
 Slow                     Hex            0%         N/A       56%         1
 Blink                    Tloc           0%         N/A       71%         2
 Cigotuvi's Dreadful Rot  Necr/Alch/Air  0%         N/A       71%         2
 Ensorcelled Hibernation  Hex/Ice        0%         N/A       71%         2
 Jinxbite                 Hex            0%         N/A       71%         2
 Lesser Beckoning         Tloc           0%         N/A       71%         2
 Mercury Vapours          Alch/Air       0%         N/A       71%         2
 Searing Ray              Conj           0%         2d4       71%         2
 Sublimation of Blood     Necr           0%         N/A       71%         2
 Confusing Touch          Hex            0%         N/A       90%         3
 Dazzling Flash           Conj/Hex       0%         N/A       90%         3
 Frozen Ramparts          Ice            0%         1d1       90%         3
 Fugue of the Fallen      Necr           0%         N/A       90%         3
 Gell's Gravitas          Tloc           0%         N/A       90%         3
 Hailstorm                Conj/Ice       0%         3d5       90%         3
 Mephitic Cloud           Conj/Alch/Air  0%         N/A       90%         3
 Ozocubu's Armour         Ice            0%         N/A       90%         3
 Passwall                 Erth           0%         N/A       90%         3
 Sigil of Binding         Hex            0%         N/A       90%         3
 Stone Arrow              Conj/Erth      0%         3d7       90%         3
 Swiftness                Air            0%         N/A       90%         3
 Teleport Other           Tloc           0%         N/A       90%         3
 Vampiric Draining        Necr           0%         2d6       90%         3
 Volatile Blastmotes      Fire/Tloc      0%         2d10      90%         3
 Airstrike                Air            0%         2d(0-16)  100%        4
 Anguish                  Hex/Necr       0%         N/A       100%        4
 Brom's Barrelling Bould  Conj/Erth      0%         2d3       100%        4
 Dispel Undead            Necr           0%         3d6       100%        4
 Fulminant Prism          Conj/Alch      0%         3d5       100%        4
 Iskenderun's Mystic Bla  Conj/Tloc      0%         2d3       100%        4
 Manifold Assault         Tloc           0%         N/A       100%        4
 Olgreb's Toxic Radiance  Alch           0%         N/A       100%        4
 Passage of Golubria      Tloc           0%         N/A       100%        4
 Petrify                  Alch/Erth      0%         N/A       100%        4
 Alistair's Intoxication  Alch           0%         N/A       100%        5
 Borgnjor's Vile Clutch   Necr/Erth      0%         N/A       100%        5
 Curse of Agony           Necr           0%         N/A       100%        5
 Freezing Cloud           Conj/Ice/Air   0%         6-21      100%        5
 Irradiate                Conj/Alch      0%         3d11      100%        5
 Lee's Rapid Deconstruct  Erth           0%         3d4*      100%        5
 Metabolic Englaciation   Hex/Ice        0%         N/A       100%        5
 Silence                  Hex/Air        0%         N/A       100%        5
 Yara's Violent Unravell  Hex/Alch       0%         3d3       100%        5
 Conjure Ball Lightning   Conj/Air       0%         3x3d6     100%        6
 Plasma Beam              Fire/Air       0%         2x1d10    100%        6
 Starburst                Conj/Fire      0%         6d3       100%        6
 Enfeeble                 Hex            0%         N/A       100%        7
 Ozocubu's Refrigeration  Ice            0%         4d7       100%        7
 Borgnjor's Revivificati  Necr           0%         N/A       100%        8
 Discord                  Hex            0%         N/A       100%        8
 Disjunction              Tloc           0%         N/A       100%        8
 Lehudib's Crystal Spear  Conj/Erth      0%         10d2      100%        8
 Maxwell's Capacitive Co  Air            0%         death     100%        8
 Death's Door             Necr           0%         N/A       100%        9
 Summon Small Mammal      Summ           Unusable   N/A       N/A         1
 Call Imp                 Summ           Unusable   N/A       N/A         2
 Call Canine Familiar     Summ           Unusable   N/A       N/A         3
 Tukima's Dance           Hex            Unusable   N/A       N/A         3
 Animate Armour           Summ/Erth      Unusable   N/A       N/A         4
 Animate Dead             Necr           Unusable   N/A       N/A         4
 Martyr's Knell           Necr/Summ      Unusable   N/A       N/A         4
 Summon Blazeheart Golem  Fire/Summ      Unusable   N/A       N/A         4
 Summon Lightning Spire   Summ/Air       Unusable   N/A       N/A         4
 Summon Mana Viper        Hex/Summ       Unusable   N/A       N/A         5
 Death Channel            Necr           Unusable   N/A       N/A         6
 Sculpt Simulacrum        Ice/Alch       Unusable   N/A       N/A         6
 Haunt                    Necr/Summ      Unusable   N/A       N/A         7
 Infestation              Necr           Unusable   N/A       N/A         8

Inventory:

Hand Weapons
 a - the +8 eveningstar of Conservatism (weapon) {freeze, rPois, norare}
   (Okawaru gifted it to you on level 3 of the Lair of Beasts)

   rPois:     It protects you from poison.
 b - a +9 spectral eveningstar (offhand) {Kamaljyot}
 A - a +1 sacred scourge of holy wrath {Shiptu}
 W - a +4 sacred scourge of holy wrath {Djefatnebti}
Missiles
 y - 12 curare-tipped darts (quivered)
 H - 6 throwing nets
Armour
 g - the +2 helmet of Ru's Grace (worn) {rC+ Dex+2}
   (You took it off Robin on level 3 of the Dungeon)

   Dex+2:     It affects your dexterity (+2).
   rC+:       It protects you from cold.
 j - the -2 hat of the Alchemist {rElec rPois rF+ rC+ rN+ Will+ rMut rCorr}
   (You found it in a wizard's laboratory)

   rF+:       It protects you from fire.
   rC+:       It protects you from cold.
   rElec:     It insulates you from electricity.
   rPois:     It protects you from poison.
   rN+:       It protects you from negative energy.
   Will+:     It increases your willpower.
   rCorr:     It protects you from acid and corrosion.
   rMut:      It protects you from mutation.
 p - a +1 pair of boots of stealth
 u - a scarf of resistance
 v - the +3 pair of boots "Niereos" (worn) {Dex+2 Stlth+}
   (You bought it in a shop on level 3 of the Vaults)

   Dex+2:     It affects your dexterity (+2).
   Stlth+:    It makes you more stealthy.
 B - the +0 pair of fencer's gloves (worn) {Riposte Dex+3}
   (You found it on level 4 of the Spider Nest)

   Riposte:   It allows the wearer to riposte with melee weapons, swiftly
   retaliating against missed or blocked melee attacks.
   Dex+3:     It affects your dexterity (+3).
 I - a +2 hat
 K - the +0 helmet of Hehon {Str+3}
   (You found it on level 2 of the Swamp)

   Str+3:     It affects your strength (+3).
 M - +7 fire dragon scales (worn) {nodragon}
 O - a +2 cloak of poison resistance (worn)
 S - the +5 acid dragon scales of Fun {rN+ Will+ rCorr Str+2}
   (You bought it in a shop on level 3 of the Vaults)

   Str+2:     It affects your strength (+2).
   rN+:       It protects you from negative energy.
   Will+:     It increases your willpower.
   rCorr:     It protects you from acid and corrosion.
 U - the +1 pair of boots "Kyrir" {+Blink rC- Str+4}
   (You acquired it on level 4 of the Swamp)

   Str+4:     It affects your strength (+4).
   rC-:       It makes you vulnerable to cold.
   +Blink:    It lets you blink.
 X - the +0 pair of boots of a Million Wars {rF+ Str+2 Dex-3}
   (You acquired it on level 3 of the Elven Halls)

   Str+2:     It affects your strength (+2).
   Dex-3:     It affects your dexterity (-3).
   rF+:       It protects you from fire.
 Y - the +0 helmet "Alemoppude" {rElec rPois}
   (You found it on level 2 of the Elven Halls)

   rElec:     It insulates you from electricity.
   rPois:     It protects you from poison.
 Z - the +7 Kryia's mail coat {PotionHeal*2 rC+}
   (Okawaru gifted it to you on level 3 of the Lair of Beasts)

   PotionHeal*2: Potions heal its wearer twice as much.
   rC+:       It protects you from cold.
Gizmo
 c - a neoablative actuator (installed) {Gadgeteer, Will+ Slay+3}
   (You invented it yourself on level 4 of the Lair of Beasts)

   [neoablative actuator]

   Gadgeteer: Your evocable items recharge 30% faster and wands have a 30%
   chance to not spend a charge.
   Slay+3:    It affects your accuracy & damage with ranged weapons and melee
   (+3).
   Will+:     It increases your willpower.
Wands
 w - a wand of quicksilver (7)
 D - a wand of digging (15)
 N - a wand of mindburst (23)
 P - a wand of roots (24)
 R - a wand of paralysis (40)
Scrolls
 f - 2 scrolls of silence {!r}
 n - 22 scrolls of teleportation
 s - 6 scrolls of fear
 x - 10 scrolls of vulnerability
 J - a scroll of revelation
 Q - 13 scrolls of blinking
 T - 13 scrolls of poison
 V - 7 scrolls of fog
Potions
 d - 9 potions of might
 e - 7 potions of cancellation
 h - 3 potions of brilliance
 i - 30 potions of curing
 k - 18 potions of heal wounds
 q - 11 potions of ambrosia
 r - 18 potions of mutation {!q}
 t - 11 potions of haste
 z - 9 potions of invisibility
 C - 5 potions of magic
 E - 6 potions of enlightenment
 F - 8 potions of berserk rage {!q}
 G - 2 potions of resistance
Miscellaneous
 l - a lightning rod (4/4)
 m - a phial of floods
 o - a condenser vane


Message History

Aiming: Dig
Press: ? - help, Shift-Dir - straight line, f - you Please select a direction to dig.
A stone staircase leading down.
This square is covered in magical glow.
The rock shatters into small pieces.
Your extra speed is starting to run out.
There is a stone staircase leading up here.
You climb upwards.
You feel yourself slow down.
There is a stone staircase leading down here.
There is a stone staircase leading up here.
You climb upwards.
There is a stone staircase leading down here.
There is an escape hatch in the floor here.
There is an escape hatch in the ceiling here.
A mysterious force pulls you upwards. The hatch slams shut behind you.
There is a stone staircase leading up, spattered with blood here.
You climb upwards.
There is a stone staircase leading down here.
You see here a jackal skeleton.
There is a stone staircase leading up here.
You climb upwards.
There is a stone staircase leading down, spattered with blood here.
Things that are here:
a +0 chain mail; a +0 falchion
There is an open door here.
There is a stone staircase leading up here.
You climb upwards.
There is a stone staircase leading down here.
There is a stone staircase leading down here.
You see here a +0 pair of gloves.
There is a stone staircase leading up here.
You feel yourself speed up.
You climb upwards.
There is a stone staircase leading down here.
A chaos spawn comes into view.
The chaos spawn roars!
There is an open door here.
There is a staircase leading out of the dungeon here.
You have escaped!

####### ......#
#####.# #####.####
#........# #####
#......#.# #...#
#......#.# #.@.#
######.#.#### #...# #
##........# #...#
#.....##.#####'####
#..##.##.###......#
###..#......#...[...#
.....#.###..#.#####.#
.###.#......#..#..#.#
.###.#.##...##.#..#.#


There were no monsters in sight!

Vanquished Creatures
  4 dread liches
  3 ancient liches
  Mara (Vaults:4)
  Mennas (Vaults:4)
  An orb of fire (Zot:5)
  A juggernaut (Depths:2)
  A royal mummy (Crypt:2)
  Xtahua (Vaults:4)
  4 Killer Klowns (Zot:5)
  A curse toe (Zot:4)
  6 golden dragons
  A mutant beast (WizLab)
  Nikola (Vaults:1)
  Norris (Vaults:4)
  4 bone dragons
  Arachne (Spider:4)
  An electric golem (Zot:5)
  An iron giant (Depths:2)
  The ghost of Eugor the Sorcerer, an adept DECj of Vehumet (Elf:3)
  Jorgrun (Elf:2)
  22 Orb Guardians (Zot:5)
  Zenata (Elf:2)
  2 tentacled monstrosities
  4 liches
  A deep elf blademaster (Elf:3)
  The ghost of jboons the Stormcaller, an adept DEAE of Vehumet (Elf:2)
  7 titans
  8 sphinxes
  A quicksilver dragon (Vaults:5)
  3 ancient champions
  2 Executioners (Zot:4)
  A deep elf master archer (Elf:3)
  Gastronok (D:9)
  The ghost of Feshunla the Bewitcher, an adept KoEn of Dithmenos (Vaults:1)
  4 death cobs
  2 tengu reavers
  Roxanne (Elf:1)
  9 shadow dragons
  A thorn hunter (Swamp:2)
  The ghost of Unoview the Party-goer, an adept KoAr of Uskayaw (Spider:4)
  3 revenants
  2 draconian monks
  6 fire giants
  6 storm dragons
  3 draconian knights
  4 protean progenitors (Zot:5)
  11 frost giants
  2 fenstrider witches
  5 draconian scorchers
  An iron dragon (Depths:2)
  5 balrugs
  4 emperor scorpions
  20 vault wardens
  5 deep elf sorcerers
  4 imperial myrmidons (Desolation)
  A curse skull (Crypt:3)
  The ghost of Skryme the Protected, a journeyman CoBe of Trog (D:13)
  3 draconian shifters
  A spectral caustic shrike (Crypt:2)
  9 ghost moths
  A draconian stormcaller (Zot:4)
  2 angels (Elf:1)
  4 deep elf elementalists (Elf:3)
  A spriggan defender (Depths:3)
  3 orc warlords
  18 very ugly things
  A ghoul (Crypt:2)
  20 ironbound preservers
  2 draconian annihilators
  3 broodmothers
  9 deep elf death magi
  3 formless jellyfish
  9 ironbound thunderhulks
  17 stone giants
  2 deep elf demonologists (Elf:3)
  6 eleionomae
  6 green draconians
  11 dire elephants
  6 black draconians
  6 vampire knights
  11 war gargoyles
  8 yellow draconians
  2 halazid warlocks (Desolation)
  7 bunyips
  10 deep elf annihilators
  9 purple draconians
  5 red draconians
  8 spark wasps
  2 white draconians (Zot:4)
  4 eidola
  Snorg (D:14)
  13 ettins
  9 jiangshi
  2 green deaths (Swamp:4)
  A crystal guardian (Vaults:1)
  4 entropy weavers
  5 deep elf high priests
  A shambling mangrove (Swamp:3)
  9 yaktaur captains
  8 ragged hierophants (Desolation)
  2 mummy priests (Crypt:2)
  7 fire dragons
  2 spriggan zombies (Crypt:3)
  6 ice dragons
  6 great orbs of eyes
  20 hydras
  A quicksilver dragon skeleton (Crypt:3)
  A spectral fenstrider witch (Crypt:2)
  5 servants of whispers (Desolation)
  8 peacekeepers
  29 vault guards
  4 centaur warriors
  2 spriggan air magi
  2 catoblepae
  22 two-headed ogres
  4 jorogumos
  3 rakshasas
  7 ogre magi
  7 boulder beetles
  9 alligators
  6 ghost crabs
  A spectral stone giant (Crypt:2)
  28 dancing weapons
  2 hell beasts
  3 two-headed ogres (shapeshifter) (WizLab)
  9 radroaches
  5 ironbound frosthearts
  2 spriggan skeletons (Crypt:3)
  4 death yaks (Lair:5)
  6 spriggan berserkers
  6 tengu warriors
  3 deep troll shamans
  3 spectral dire elephants (Crypt:2)
  8 vampire magi
  2 occultists
  5 deep troll earth magi
  7 demonic crawlers
  2 spectral nagas (Crypt:2)
  Urug (Lair:2)
  An orc high priest (Elf:2)
  3 skysharks
  A shock serpent (shapeshifter) (WizLab)
  A sun demon (Depths:1)
  A hell knight (Depths:3)
  Amaemon (Lair:1)
  3 skysharks (shapeshifter) (WizLab)
  20 deep elf knights
  A titan skeleton (Crypt:3)
  5 iron trolls
  3 pharaoh ants
  A shadow wraith (Crypt:2)
  A spectral spark wasp (Depths:2)
  5 glowing orange brains
  20 skeletal warriors
  A spectral iron dragon (Crypt:2)
  60 deep trolls
  2 cherubim (Elf:1)
  A death drake (shapeshifter) (WizLab)
  11 orb spiders
  5 arcanists
  A sea snake (shapeshifter) (WizLab)
  10 goliath frogs
  8 bog bodies
  3 spriggan druids
  16 deep elf archers
  3 spectral anacondas (Crypt:2)
  8 swamp dragons
  3 flayed ghosts
  27 ironbound convokers
  3 steelbarb worms
  2 necromancers
  10 large abominations
  11 thermic dynamos
  Pikel (D:7)
  8 lindwurms
  6 phantasmal warriors
  An anaconda skeleton (Crypt:3)
  2 obsidian statues
  A steelbarb worm (shapeshifter) (WizLab)
  21 deep elf zephyrmancers
  18 wolf spiders
  5 orc sorcerers
  8 orc knights
  24 deep elf pyromancers
  A manticore (shapeshifter) (Vaults:5)
  A broodmother zombie (Crypt:1)
  2 cyclopes (shapeshifter) (WizLab)
  7 cyclopes
  A jorogumo skeleton (Crypt:2)
  4 manticores
  2 will-o-the-wisps
  37 ugly things
  3 fauns (shapeshifter)
  8 moths of wrath
  3 meliai (Spider:2)
  2 elephants (shapeshifter)
  2 spectral centaurs (Crypt:2)
  3 kobold blastminers (Orc:2)
  A spectral ettin (Crypt:2)
  21 elephants
  Joseph (D:7)
  A black mamba (shapeshifter) (D:15)
  4 orange demons
  3 black mambas
  A guardian serpent (Desolation)
  28 vault sentinels
  4 molten gargoyles
  2 smoke demons
  9 gargoyles
  A water nymph (shapeshifter) (WizLab)
  2 cane toads (shapeshifter)
  A torpor snail (shapeshifter) (WizLab)
  5 torpor snails
  4 rime drakes
  A yellow draconian zombie (Crypt:1)
  Maggie (D:7)
  20 cane toads
  A tormentor (Zot:2)
  A dire elephant skeleton (Crypt:1)
  2 centaur skeletons (Crypt:3)
  An unseen horror (D:12)
  2 kobold demonologists
  A rime drake (shapeshifter) (WizLab)
  12 komodo dragons
  39 yaktaurs
  3 freezing wraiths
  An alligator snapping turtle skeleton (Crypt:3)
  2 tengu conjurers
  2 spectral harpies (Crypt:2)
  An efreet (Volcano)
  A harpy zombie (Crypt:3)
  A hydra zombie (Crypt:1)
  11 guardian mummies
  2 queen bees (shapeshifter)
  A merfolk (shapeshifter) (WizLab)
  4 polar bears
  A wind drake (Zot:5)
  7 trolls
  10 hornets
  A hornet (shapeshifter) (Elf:2)
  A tyrant leech (shapeshifter) (WizLab)
  9 tyrant leeches
  2 hydra skeletons
  A jumping spider zombie (Crypt:2)
  46 saltlings (Desolation)
  33 tarantellas
  10 blink frogs
  Prince Ribbit (D:5)
  32 slime creatures
  5 glass eyes
  A jumping spider (shapeshifter) (WizLab)
  Sigmund (D:5)
  5 air elementals
  4 fire dragon skeletons (Crypt:3)
  A culicivora (shapeshifter) (WizLab)
  19 jumping spiders
  6 shadows
  10 wraiths
  21 culicivoras
  32 yaks
  10 spriggans
  6 vampires
  A tyrant leech zombie (Crypt:1)
  A fire elemental (Elf:2)
  A human (shapeshifter) (Spider:4)
  A water elemental (Elf:2)
  An ushabti (Crypt:3)
  3 wargs
  8 basilisks
  16 wyverns
  2 fire bats (Volcano)
  Grum (D:8)
  13 vampire mosquitoes
  A steam dragon (D:7)
  52 redbacks
  An iron golem (WizLab)
  19 swamp worms
  A merfolk zombie (Crypt:2)
  3 acid dragons
  3 swamp drakes
  16 water moccasins
  A meliai simulacrum (D:15)
  4 ice beasts
  28 ogres
  12 laughing skulls
  14 orc warriors
  A crocodile (D:8)
  4 wolves
  A sky beast (D:6)
  3 boggarts (Vaults:2)
  A manticore skeleton (Crypt:2)
  11 centaurs
  6 small abominations (WizLab)
  3 swamp dragon skeletons
  2 kobold brigands
  2 lemures (D:7)
  Blork the orc (D:6)
  A yaktaur zombie (Crypt:2)
  25 bullfrogs
  A gnoll sergeant (D:8)
  2 earth elementals
  6 scorpions
  A wight (D:8)
  A raiju zombie (Crypt:1)
  10 killer bees
  An electric eel (Lair:5)
  A bombardier beetle (D:5)
  3 howler monkeys (D:9)
  A crimson imp (Orc:1)
  6 lava snakes (Volcano)
  A wolf skeleton (Crypt:1)
  6 gnoll boudas
  9 jellies
  Crazy Yiuf (D:2)
  6 hounds
  10 orc priests
  An iron imp (Orc:1)
  A sleepcap (D:8)
  A human skeleton (D:4)
  3 iguanas
  32 orc wizards
  15 hell rats
  A hound skeleton (D:4)
  7 mummies (Crypt:3)
  Robin (D:3)
  8 adders
  23 gnolls
  A shadow imp (Orc:1)
  A ribbon worm zombie (Crypt:2)
  7 white imps
  8 ufetubi
  2 dart slugs
  5 ribbon worms
  67 orcs
  7 endoplasms
  5 giant cockroaches
  13 hobgoblins
  4 jackals (D:4)
  8 kobolds
  3 quokkas
  6 ball pythons
  6 bats
  10 goblins
  A goblin skeleton (Crypt:1)
  6 rats
  4 aspiring fleshes (Zot:5)
2187 creatures vanquished.

Vanquished Creatures (others)
  A draconian knight (Zot:4)
  A vampire knight (Depths:2)
  A deep elf annihilator (Elf:2)
  A red draconian (Zot:5)
  A jorogumo (Spider:4)
  2 bloated husks
  A culicivora (Spider:1)
  An orc (Orc:2)
  6 foxfires
  45 spectral weapons
60 creatures vanquished.

Grand Total: 2247 creatures vanquished

Notes
Turn   | Place    | Note
-------+----------+-------------------------------------------
     0 | D:1      | elliptic the Coglin Fighter began the quest for the Orb.
     0 | D:1      | Reached XP level 1. HP: 18/18 MP: 1/1
   302 | D:1      | Reached XP level 2. HP: 24/24 MP: 2/2
   380 | D:1      | Reached skill level 3 in Axes
   726 | D:2      | Reached XP level 3. HP: 21/29 MP: 3/3
   817 | D:2      | Found a blossoming altar of Fedhas.
   927 | D:2      | Found a faded altar of an unknown god.
   931 | D:2      | Got Plato's Lectures on Arcane Weapons
  1116 | D:2      | Found a runed translucent door.
  1117 | D:2      | Noticed Crazy Yiuf
  1623 | D:3      | Reached XP level 4. HP: 25/37 MP: 4/4
  1683 | D:3      | hm okay
  1837 | D:3      | Identified the +2 whip of Fedhas's Envy {protect, rC+
                  | Dex+4}
  1922 | D:3      | Reached skill level 1 in Maces & Flails
  2098 | D:3      | Identified the +2 helmet of Ru's Grace {rC+ Dex+2}
  2098 | D:3      | Noticed Robin
  2102 | D:3      | Killed Robin
  2103 | D:3      | Reached XP level 5. HP: 42/42 MP: 5/5
  2580 | D:4      | Reached skill level 3 in Maces & Flails
  2586 | D:4      | Reached XP level 6. HP: 44/48 MP: 6/6
  3082 | D:4      | Found a burning altar of Makhleb.
  3176 | D:5      | Entered Level 5 of the Dungeon
  3176 | D:5      | Noticed Prince Ribbit
  3177 | D:5      | hi
  3177 | D:5      | hm
  3187 | D:5      | HP: 12/72 [Prince Ribbit (5)]
  3189 | D:5      | Killed Prince Ribbit
  3190 | D:5      | Reached XP level 7. HP: 13/53 MP: 7/7
  3512 | D:5      | Reached skill level 4 in Fighting
  3527 | D:5      | Reached skill level 3 in Armour
  3721 | D:5      | Reached skill level 6 in Maces & Flails
  3777 | D:5      | Reached XP level 8. HP: 61/61 MP: 8/8
  3923 | D:5      | Noticed Sigmund
  3924 | D:5      | hm
  3959 | D:5      | why
  3968 | D:5      | Killed Sigmund
  3987 | D:5      | Found an ornate altar of the Wu Jian Council.
  4123 | D:5      | Found a white marble altar of Elyvilon.
  4135 | D:5      | Became a worshipper of Elyvilon the Healer
  4248 | D:5      | Reached skill level 5 in Fighting
  4475 | D:6      | Noticed Blork the orc
  4485 | D:6      | Killed Blork the orc
  4742 | D:6      | Found a staircase to the Ecumenical Temple.
  4749 | Temple   | Entered the Ecumenical Temple
  4761 | Temple   | Fell from the grace of Elyvilon
  4761 | Temple   | Became a worshipper of Warmaster Okawaru
  4784 | D:6      | Reached XP level 9. HP: 64/68 MP: 9/9
  5027 | D:6      | Reached skill level 9 in Maces & Flails
  5203 | D:6      | Reached * piety under Okawaru
  5369 | D:6      | Reached skill level 1 in Invocations
  5652 | D:2      | Killed Crazy Yiuf
  5770 | D:7      | Noticed Joseph
  5770 | D:7      | Noticed Pikel
  5777 | D:7      | good
  5845 | D:7      | Killed Pikel
  5845 | D:7      | Reached ** piety under Okawaru
  5846 | D:7      | Reached skill level 6 in Fighting
  5861 | D:7      | Reached XP level 10. HP: 60/77 MP: 11/11
  6008 | D:7      | Killed Joseph
  6009 | D:7      | Reached skill level 7 in Fighting
  6009 | D:7      | Reached skill level 6 in Armour
  6255 | D:9      | Reached *** piety under Okawaru
  6293 | D:9      | Reached skill level 9 in Fighting
  6293 | D:9      | Reached XP level 11. HP: 90/90 MP: 12/12
  6545 | D:9      | Reached skill level 10 in Fighting
  6553 | D:9      | Reached skill level 9 in Armour
  6568 | D:9      | Noticed Gastronok
  6599 | D:9      | Killed Gastronok
  6630 | D:9      | Reached **** piety under Okawaru
  6664 | D:9      | Reached skill level 11 in Fighting
  6977 | D:8      | Noticed Grum
  6978 | D:8      | hm
  6986 | D:8      | Killed Grum
  6997 | D:8      | eh
  7512 | D:7      | Noticed Maggie
  7518 | D:7      | Killed Maggie
  7685 | D:7      | Found a sparkling altar of Nemelex Xobeh.
  7685 | D:7      | Found a glowing golden altar of the Shining One.
  7816 | D:8      | Noticed a tengu warrior
  7816 | D:8      | Noticed Maurice
  7817 | D:8      | why
  7828 | D:8      | Killed a tengu warrior
  7829 | D:8      | Reached XP level 12. HP: 100/100 MP: 10/13
  7832 | D:8      | Maurice changed into Maurice the crocodile
  7832 | D:8      | Noticed Maurice
  7836 | D:8      | Killed Maurice the crocodile
  7861 | D:8      | why
  7913 | D:8      | Reached skill level 3 in Invocations
  7945 | D:8      | Noticed Jeremiah
  7946 | D:8      | hi
  7955 | D:8      | Jeremiah changed into Jeremiah the polar bear
  7955 | D:8      | Noticed Jeremiah
  7962 | D:8      | Killed Jeremiah the polar bear
  7990 | D:8      | Noticed a centaur warrior
  7998 | D:8      | Killed a centaur warrior
  7998 | D:8      | Reached ***** piety under Okawaru
  8436 | D:10     | Entered Level 10 of the Dungeon
  8492 | D:10     | Noticed a six-headed hydra
  8493 | D:10     | hi
  8500 | D:10     | Killed a six-headed hydra
  8619 | D:10     | Noticed a two-headed ogre
  8625 | D:10     | meh
  8792 | D:10     | why
  8795 | D:10     | Killed a two-headed ogre
  9327 | D:11     | Received a gift from Okawaru
  9417 | D:11     | Gained mutation: You possess an exceptional clarity of
                  | mind. [potion of mutation]
  9426 | D:11     | Found a staircase to the Lair.
  9498 | D:11     | Reached skill level 12 in Fighting
  9583 | D:11     | Found a staircase to the Orcish Mines.
 10056 | D:11     | Received a gift from Okawaru
 10368 | D:12     | Found Henemuom's Antique Armour Shop.
 10437 | D:12     | Noticed a sun demon
 10541 | D:12     | Reached XP level 13. HP: 108/108 MP: 16/16
 10633 | D:12     | Reached skill level 12 in Maces & Flails
 11173 | D:12     | Found Errio's Magic Scroll Shop.
 11183 | D:12     | Bought a scroll of teleportation for 48 gold pieces
 11183 | D:12     | Bought a scroll of fog for 64 gold pieces
 11356 | Lair:1   | Entered Level 1 of the Lair of Beasts
 12378 | Lair:2   | Noticed Amaemon
 12386 | Lair:2   | Received a gift from Okawaru
 12393 | Lair:1   | Killed Amaemon
 12561 | Lair:2   | Found a hole to the Spider Nest.
 12686 | Lair:2   | Noticed Urug
 12704 | Lair:2   | Killed Urug
 13156 | Lair:3   | Reached ****** piety under Okawaru
 13173 | Lair:3   | Received a gift from Okawaru
 13184 | Lair:2   | Acquired the +8 eveningstar of Conservatism {freeze, rPois}
 13184 | Lair:2   | Received a gift from Okawaru
 13196 | Lair:2   | Acquired the +7 Kryia's mail coat {PotionHeal*2 rC+}
 13196 | Lair:2   | Received a gift from Okawaru
 13196 | Lair:2   | Found the +7 Kryia's mail coat {PotionHeal*2 rC+}
 13317 | D:12     | Bought 2 scrolls of enchant weapon for 240 gold pieces
 13317 | D:12     | Bought a scroll of enchant weapon for 120 gold pieces
 13909 | Lair:3   | Noticed an eleionoma
 13923 | Lair:3   | Killed an eleionoma
 13934 | Lair:3   | Found a staircase to the Swamp.
 14476 | Lair:4   | Reached skill level 6 in Invocations
 14561 | Lair:4   | Received a gift from Okawaru
 14587 | Lair:4   | Reached XP level 14. HP: 87/115 MP: 18/18
 14587 | Lair:4   | Upgraded the game from 0.32-a0-599-gba8f9cf90e to
                  | 0.32-a0-607-g64ea0e4219
 14587 | Lair:4   | Acquired a neoablative actuator {Gadgeteer, Will+ Slay+3}
 14788 | Lair:4   | Reached skill level 15 in Maces & Flails
 14913 | Lair:5   | Entered Level 5 of the Lair of Beasts
 14913 | Lair:5   | Found a staircase to the Slime Pits.
 14946 | Lair:5   | Received a gift from Okawaru
 15007 | Lair:5   | Found a viscous altar of Jiyva.
 15164 | Lair:5   | Received a gift from Okawaru
 15239 | Lair:5   | Received a gift from Okawaru
 15262 | Lair:5   | ow
 15349 | Lair:5   | Found a dark tunnel.
 15389 | Lair:5   | Reached skill level 1 in Dodging
 15407 | Lair:5   | Reached skill level 3 in Dodging
 15432 | Volcano  | Entered a volcano
 15728 | Volcano  | Found a bloodstained altar of Trog.
 15736 | Volcano  | Received a gift from Okawaru
 15740 | Volcano  | Reached XP level 15. HP: 120/120 MP: 14/21
 16052 | Lair:5   | Lost mutation: You possess an exceptional clarity of mind.
                  | [potion of mutation]
 16052 | Lair:5   | Gained mutation: You expend magic power (3 MP) to
                  | strengthen your wands. [potion of mutation]
 16232 | Lair:5   | Reached skill level 1 in Evocations
 16588 | Orc:1    | Entered Level 1 of the Orcish Mines
 16643 | Orc:1    | Reached skill level 3 in Evocations
 16744 | Orc:1    | Found a roughly hewn altar of Beogh.
 16898 | Orc:2    | Entered Level 2 of the Orcish Mines
 16916 | Orc:2    | hm
 16919 | Orc:2    | Received a gift from Okawaru
 16926 | Orc:2    | Reached skill level 6 in Evocations
 16943 | Orc:2    | Found Wuworav's Jewellery Shoppe.
 16958 | Orc:2    | Reached skill level 9 in Evocations
 17003 | Orc:1    | Received a gift from Okawaru
 17182 | Orc:2    | Found Bemaqeir's Armour Boutique.
 17183 | Orc:2    | Found Cuigeet's Assorted Antiques.
 17183 | Orc:2    | Found Imide's Distillery.
 17183 | Orc:2    | Found Vugulir's Jewellery Shoppe.
 17214 | Orc:2    | Bought a golden potion for 27 gold pieces
 17277 | Orc:2    | Found a roughly hewn altar of Beogh.
 17846 | Orc:2    | Found a staircase to the Elven Halls.
 18365 | D:13     | Noticed Skryme's ghost (journeyman CoBe)
 18394 | D:13     | Found a transporter.
 18398 | D:13     | Found a transporter.
 18427 | D:13     | Reached skill level 13 in Fighting
 18652 | D:13     | Received a gift from Okawaru
 19022 | D:13     | Found a gate to the Vaults.
 19169 | D:13     | Reached skill level 12 in Evocations
 19182 | D:13     | Killed Skryme's ghost
 19194 | D:13     | Reached XP level 16. HP: 93/131 MP: 16/22
 19782 | D:14     | Noticed Snorg
 19786 | D:14     | Killed Snorg
 19842 | D:14     | Received a gift from Okawaru
 19958 | D:14     | Reached skill level 14 in Fighting
 20290 | D:15     | Entered Level 15 of the Dungeon
 20988 | D:15     | Received a gift from Okawaru
 21092 | D:15     | Found a staircase to the Depths.
 21465 | Spider:1 | Entered Level 1 of the Spider Nest
 21998 | Spider:1 | Reached skill level 15 in Fighting
 22514 | Spider:1 | Lost mutation: You expend magic power (3 MP) to strengthen
                  | your wands. [potion of mutation]
 22514 | Spider:1 | Gained mutation: Your natural rate of healing is unusually
                  | fast. [potion of mutation]
 22514 | Spider:1 | Gained mutation: You occasionally lose the ability to read
                  | scrolls when taking damage. [potion of mutation]
 22514 | Spider:1 | Gained mutation: You are strong-willed. (Will+) [potion of
                  | mutation]
 22515 | Spider:1 | meh
 22515 | Spider:1 | Lost mutation: You occasionally lose the ability to read
                  | scrolls when taking damage. [potion of mutation]
 22515 | Spider:1 | Lost mutation: You are strong-willed. (Will+) [potion of
                  | mutation]
 22515 | Spider:1 | Gained mutation: You are partially covered in iridescent
                  | scales. (AC +2) [potion of mutation]
 22515 | Spider:1 | Gained mutation: You are partially covered in large bone
                  | plates. (SH +4) [potion of mutation]
 22515 | Spider:1 | Gained mutation: You possess an exceptional clarity of
                  | mind. [potion of mutation]
 22516 | Spider:1 | good
 22542 | Spider:1 | Received a gift from Okawaru
 22931 | Spider:2 | Reached skill level 16 in Fighting
 23292 | Spider:2 | Received a gift from Okawaru
 23392 | Spider:2 | Reached XP level 17. HP: 144/144 MP: 23/23
 24235 | Spider:3 | Reached skill level 17 in Fighting
 24247 | Spider:3 | Identified the +2 pair of boots of a sewer {-Tele Rampage
                  | rF++ Regen+ Stlth+}
 24250 | Spider:3 | why
 24302 | Spider:3 | Received a gift from Okawaru
 24503 | Spider:3 | Reached skill level 6 in Dodging
 25303 | Spider:4 | Entered Level 4 of the Spider Nest
 25427 | Spider:4 | Reached skill level 15 in Evocations
 25618 | Spider:4 | Found a runed translucent door.
 25619 | Spider:4 | Noticed Unoview's ghost (adept KoAr)
 25703 | Spider:4 | Noticed Arachne
 25704 | Spider:4 | oops
 25731 | Spider:4 | Killed Arachne
 25753 | Spider:4 | Received a gift from Okawaru
 26047 | Spider:4 | Reached skill level 18 in Fighting
 26102 | Spider:4 | Found the +0 pair of fencer's gloves {Riposte Dex+3}
 26155 | Spider:4 | Got a gossamer rune of Zot
 26174 | Spider:4 | um
 26174 | Spider:4 | meh
 26262 | Spider:4 | Reached XP level 18. HP: 157/157 MP: 24/24
 26454 | Spider:4 | Killed Unoview's ghost
 26604 | Swamp:1  | Entered Level 1 of the Swamp
 26638 | Swamp:1  | Received a gift from Okawaru
 26719 | Swamp:1  | Reached skill level 9 in Dodging
 27197 | Swamp:2  | ow why
 27305 | Swamp:2  | Identified the +0 helmet of Hehon {Str+3}
 27499 | Swamp:2  | Received a gift from Okawaru
 27796 | Swamp:3  | Found a bloodstained altar of Trog.
 27916 | Swamp:3  | Reached skill level 19 in Fighting
 27969 | Swamp:3  | Identified the +7 great mace "Ushat" {spect, rElec SInv}
 28019 | Swamp:3  | Received a gift from Okawaru
 28332 | Swamp:4  | Entered Level 4 of the Swamp
 28804 | Swamp:4  | Reached XP level 19. HP: 166/166 MP: 25/25
 28838 | Swamp:4  | Received a gift from Okawaru
 28989 | Swamp:4  | Acquired the +1 pair of boots "Kyrir" {+Blink rC- Str+4}
 29231 | Swamp:4  | Got a decaying rune of Zot
 29480 | Elf:1    | Entered Level 1 of the Elven Halls
 29496 | Elf:1    | ow
 29518 | Elf:1    | Reached skill level 20 in Fighting
 29641 | Elf:1    | Found Vaashecycufe's Assorted Antiques.
 29687 | Elf:1    | Paralysed by an air elemental for 1 turns
 29691 | Elf:1    | Received a gift from Okawaru
 29735 | Elf:1    | Found a glowing golden altar of the Shining One.
 29735 | Elf:1    | Found a crumbling gateway.
 29735 | Elf:1    | Found a white marble altar of Elyvilon.
 29736 | Elf:1    | interesting
 29748 | Elf:1    | Found a glowing silver altar of Zin.
 29767 | Desolati | Entered the Desolation of Salt
 29906 | Desolati | Identified the ring "Rainnis" {rPois rF+ rC+ Int+2}
 30040 | Desolati | Received a gift from Okawaru
 30169 | Desolati | why
 30284 | Desolati | Reached skill level 12 in Dodging
 30301 | Desolati | Identified the +0 quarterstaff of Ambiguity {venom, *Rage
                  | rPois Will+++}
 30305 | Desolati | Identified the +3 hand axe of Badihoq {holy, *Noise rElec
                  | Dex+4 Stlth+}
 30339 | Desolati | Reached skill level 12 in Armour
 30411 | Desolati | Identified the staff of the Uplifting Blowfly {rPois rC+
                  | Tloc Ice}
 30445 | Desolati | Got the Anthology of Clouds and Rime
 30446 | Desolati | Identified the ring "Guheit" {rElec MP+9 Str+3}
 30452 | Desolati | Identified the +7 hand axe of the Four Knaves {venom,
                  | ^Contam rN+ Str+2}
 30457 | Desolati | Identified the ring of Noon {rN++ Str+6 Dex+2}
 30562 | Elf:1    | Paralysed by an air elemental for 1 turns
 30719 | Elf:1    | Received a gift from Okawaru
 30737 | Elf:1    | Reached XP level 20. HP: 112/176 MP: 26/26
 30866 | Elf:1    | Noticed Roxanne
 30883 | Elf:1    | Killed Roxanne
 30921 | Elf:1    | Got the Tempter's Elucidation of Forbidden Fruit
 31129 | Elf:2    | Found Sapn's Antique Armour Emporium.
 31290 | Elf:2    | Found Ythryme's Magic Scroll Boutique.
 31299 | Elf:2    | Bought a scroll of blinking for 127 gold pieces
 31299 | Elf:2    | Bought a scroll of teleportation for 51 gold pieces
 31299 | Elf:2    | Bought a scroll of teleportation for 51 gold pieces
 31299 | Elf:2    | Bought a scroll of blinking for 127 gold pieces
 31312 | Elf:2    | Found a runed translucent gate.
 31313 | Elf:2    | Found Moic's Antique Weapon Emporium.
 31313 | Elf:2    | Found a runed translucent gate.
 31314 | Elf:2    | Found a runed translucent gate.
 31314 | Elf:2    | Noticed jboons's ghost (adept DEAE)
 31328 | Elf:2    | Noticed Jorgrun
 31341 | Elf:2    | Killed Jorgrun
 31410 | Elf:2    | Found Kauqaes's Distillery.
 31418 | Elf:2    | Bought a potion of heal wounds for 65 gold pieces
 31465 | Elf:2    | Identified the ring of Moral Flaws {^Contam Str+6 Int+6}
 31519 | Elf:2    | Found a runed translucent gate.
 31519 | Elf:2    | Found a runed translucent gate.
 31521 | Elf:2    | Found a runed translucent gate.
 31582 | Elf:2    | Found Ypo Jeimp's Book Boutique.
 32022 | Elf:2    | ow
 32232 | Elf:2    | Noticed Zenata
 32233 | Elf:2    | why
 32242 | Elf:2    | Killed Zenata
 32245 | Elf:2    | Received a gift from Okawaru
 32256 | Elf:2    | Reached skill level 18 in Evocations
 32538 | Elf:2    | okay
 32733 | Elf:2    | Killed jboons's ghost
 32755 | Elf:2    | Identified the +0 helmet "Alemoppude" {rElec rPois}
 32806 | Elf:3    | Entered Level 3 of the Elven Halls
 32832 | Elf:3    | ow
 33005 | Elf:3    | Noticed Eugor's ghost (adept DECj)
 33009 | Elf:3    | Found a runed translucent door.
 33094 | Elf:3    | Received a gift from Okawaru
 33182 | Elf:3    | Acquired the +0 pair of boots of a Million Wars {rF+ Str+2
                  | Dex-3}
 33184 | Elf:3    | Acquired a manual of Dodging
 33360 | Elf:3    | Killed Eugor's ghost
 33423 | Elf:2    | Bought a brightly glowing chain mail for 247 gold pieces
 33423 | Elf:2    | Identified the +1 chain mail "Oduheif" {Fly rCorr} (You
                  | bought it in a shop on level 2 of the Elven Halls)
 33424 | Elf:2    | Bought a spiked chain mail for 247 gold pieces
 33424 | Elf:2    | Identified the +0 chain mail of Coasufextu {rF+ Str+4} (You
                  | bought it in a shop on level 2 of the Elven Halls)
 33566 | Vaults:1 | Entered Level 1 of the Vaults
 33840 | Vaults:1 | Found a large runed translucent door.
 33840 | Vaults:1 | Found a large runed translucent door.
 33840 | Vaults:1 | Found a large runed translucent door.
 33840 | Vaults:1 | Found a large runed translucent door.
 33840 | Vaults:1 | Found a large runed translucent door.
 33840 | Vaults:1 | Found a large runed translucent door.
 33840 | Vaults:1 | Found a large runed translucent door.
 33840 | Vaults:1 | Found a large runed translucent door.
 33840 | Vaults:1 | Noticed Feshunla's ghost (adept KoEn)
 34130 | Vaults:1 | Reached skill level 15 in Dodging
 34234 | Vaults:1 | Reached XP level 21. HP: 101/185 MP: 27/27
 34556 | Vaults:1 | Noticed Nikola
 34602 | Vaults:1 | Killed Nikola
 34908 | Vaults:1 | Killed Feshunla's ghost
 34975 | Vaults:2 | Received a gift from Okawaru
 35154 | Vaults:2 | Reached skill level 18 in Dodging
 35187 | Vaults:2 | Found a magical portal.
 35235 | WizLab   | Entered Cigotuvi's Fleshworks
 35264 | WizLab   | Reached skill level 21 in Fighting
 35416 | WizLab   | Found the -2 hat of the Alchemist {rElec rPois rF+ rC+ rN+
                  | Will+ rMut rCorr}
 35519 | WizLab   | Identified the serpent talisman of Decompression {MP+9
                  | Dex+3 Stlth+}
 35521 | WizLab   | Got Cigotuvi's Notes on Ghastly Projection
 35672 | WizLab   | Received a gift from Okawaru
 35925 | Vaults:2 | Reached skill level 9 in Invocations
 36190 | Vaults:2 | Found a staircase to the Crypt.
 36425 | Vaults:2 | Reached XP level 22. HP: 194/194 MP: 29/29
 36756 | Vaults:2 | Identified the +1 robe of Spite {Int+3}
 36934 | Vaults:3 | Received a gift from Okawaru
 37310 | Vaults:3 | Found Ciubipat's Armour Shop.
 37416 | Vaults:3 | Found Wibraemi's Antique Armour Boutique.
 37422 | Vaults:3 | Bought pitted acid dragon scales for 1575 gold pieces
 37422 | Vaults:3 | Identified the +5 acid dragon scales of Fun {rN+ Will+
                  | rCorr Str+2} (You bought it in a shop on level 3 of the
                  | Vaults)
 37422 | Vaults:3 | fun
 37565 | Vaults:3 | Found Gozag's Antique Weapon Shoppe.
 37582 | Vaults:3 | Found an opulent altar of Gozag.
 37582 | Vaults:3 | Found Gozag's Assorted Antiques.
 37592 | Vaults:3 | Reached skill level 12 in Invocations
 37607 | Vaults:3 | Found Gozag's Assorted Antiques.
 37714 | Vaults:3 | Received a gift from Okawaru
 37962 | Vaults:3 | Bought a scroll of blinking for 750 gold pieces
 38067 | Vaults:4 | Found Ledibog's Weapon Boutique.
 38073 | Vaults:4 | Noticed Mara
 38108 | Vaults:4 | Killed Mara
 38136 | Vaults:4 | Noticed Mennas
 38148 | Vaults:4 | Killed Mennas
 38185 | Vaults:4 | Received a gift from Okawaru
 38185 | Vaults:4 | Noticed Norris
 38190 | Vaults:4 | Killed Norris
 38191 | Vaults:4 | Reached skill level 22 in Fighting
 38218 | Vaults:4 | Noticed Xtahua
 38230 | Vaults:4 | Killed Xtahua
 38778 | Crypt:1  | Entered Level 1 of the Crypt
 39523 | Crypt:2  | Reached XP level 23. HP: 179/205 MP: 32/32
 39573 | Crypt:2  | Received a gift from Okawaru
 39576 | Crypt:2  | Reached skill level 23 in Fighting
 39897 | Crypt:2  | Found a shadowy altar of Dithmenos.
 40293 | Crypt:2  | Noticed a royal mummy
 40298 | Crypt:2  | Killed a royal mummy
 40298 | Crypt:2  | Received a gift from Okawaru
 40377 | Crypt:3  | Entered Level 3 of the Crypt
 40688 | Crypt:3  | Reached skill level 24 in Fighting
 40789 | Crypt:3  | Got the Parchment of Malignant Arts
 40888 | Crypt:3  | Found a staircase to the Tomb.
 40920 | Crypt:3  | Identified the amulet of Duoniett {+Inv rN+ RegenMP+
                  | Stlth+}
 41046 | Crypt:3  | Noticed a dread lich
 41049 | Crypt:3  | Killed a dread lich
 41216 | Crypt:3  | Received a gift from Okawaru
 41414 | Crypt:3  | Found an ancient bone altar of Kikubaaqudgha.
 41416 | Crypt:3  | Noticed an ancient lich
 41424 | Crypt:3  | Killed an ancient lich
 41428 | Crypt:3  | Noticed an ancient lich
 41438 | Crypt:3  | Killed an ancient lich
 41450 | Crypt:3  | Noticed a dread lich
 41462 | Crypt:3  | Killed a dread lich
 41499 | Crypt:3  | Identified the ring "Hyulut" {rElec rN++ MP+9 Int+2}
 41499 | Crypt:3  | Identified the ring of Xutegong {rPois rN++ rCorr EV+5
                  | SInv}
 41588 | Crypt:3  | Received a gift from Okawaru
 41589 | Crypt:3  | Reached skill level 25 in Fighting
 41607 | Crypt:3  | Got the Compendium of Quantum Leap
 42127 | Elf:3    | Reached XP level 24. HP: 221/221 MP: 32/32
 42293 | Elf:3    | Found the +5 scythe "Finisher" {speed, execute}
 42293 | Elf:3    | Found the +7 great mace "Firestarter" {flame, immolate,
                  | rFlCloud rF++}
 42297 | Elf:3    | Identified the +3 leather armour "Dusutut" {rPois}
 42422 | Elf:3    | Identified the +6 orcbow "Regacvog" {freeze, rCorr Dex+3}
 42510 | Elf:3    | Identified the +0 leather armour "Baghec" {Int+3 Dex-3}
 42521 | Elf:3    | Identified the orb of Pailoi {light, *Corrode Str+4 Dex+5}
 42923 | Depths:1 | Entered Level 1 of the Depths
 43007 | Depths:1 | Identified the +0 robe of the Echidna {Will+}
 43089 | Depths:1 | Received a gift from Okawaru
 43150 | Depths:1 | Found a gateway to Hell.
 43207 | Depths:1 | Found a burning altar of Makhleb.
 43213 | Depths:1 | Reached skill level 26 in Fighting
 43240 | Depths:1 | Found a glowing golden altar of the Shining One.
 43796 | Depths:2 | Found a one-way gateway to a ziggurat.
 43945 | Depths:2 | Identified the +4 great mace "Ataipn" {venom, Str+3 Int+3
                  | Dex+3}
 43954 | Depths:2 | Noticed a juggernaut
 43959 | Depths:2 | Killed a juggernaut
 43959 | Depths:2 | Received a gift from Okawaru
 44203 | Depths:2 | Found a one-way gate leading to the halls of Pandemonium.
 44427 | Depths:2 | Found a sparkling altar of Nemelex Xobeh.
 44603 | Depths:3 | Reached skill level 27 in Fighting
 44608 | Depths:3 | Received a gift from Okawaru
 44632 | Depths:3 | Found a radiant altar of Vehumet.
 44686 | Depths:3 | Reached skill level 15 in Armour
 44869 | Depths:3 | Identified the +1 leather armour of Day {rPois rN+ Int+2
                  | Dex+3}
 45137 | Depths:3 | Received a gift from Okawaru
 45216 | Depths:3 | Identified the +3 dire flail of the Hurting Queen {chaos,
                  | rElec Str+4}
 45244 | Depths:3 | Found a one-way gate to the infinite horrors of the Abyss.
 45329 | Depths:4 | Entered Level 4 of the Depths
 45376 | Depths:4 | Reached XP level 25. HP: 210/234 MP: 32/32
 45512 | Depths:4 | Found a gate to the Realm of Zot.
 45530 | Depths:4 | Got a midnight gem with 509 turns to spare
 45628 | Depths:4 | Received a gift from Okawaru
 45670 | Depths:4 | Found Ficrac's Assorted Antiques.
 45670 | Depths:4 | Found Ynoelur's Book Shop.
 45674 | Depths:4 | Found Coehic's Magic Scroll Boutique.
 45678 | Depths:4 | Bought a scroll of teleportation for 129 gold pieces
 45695 | Depths:4 | Bought a scroll of teleportation for 33 gold pieces
 45695 | Depths:4 | Bought a scroll of blinking for 82 gold pieces
 45695 | Depths:4 | Bought a scroll of blinking for 82 gold pieces
 46249 | Vaults:5 | Entered Level 5 of the Vaults
 46256 | Vaults:5 | why
 46260 | Vaults:5 | fine
 46467 | Vaults:5 | Identified the +8 falchion "Lomoer" {heavy, rCorr Int-2
                  | Dex+3 SInv}
 46496 | Vaults:5 | Received a gift from Okawaru
 46524 | Vaults:5 | Reached skill level 18 in Armour
 46881 | Vaults:5 | Received a gift from Okawaru
 46981 | Vaults:5 | Identified the +0 scale mail of the Gravedigger {rPois rF-
                  | Str+7 Slay-6}
 46986 | Vaults:5 | Got the Exposition on Aggregated Albedo
 46997 | Vaults:5 | Identified the +5 chain mail of the Earth {rF+ Int+4}
 46999 | Vaults:5 | Identified the amulet of Nulitargh {Reflect rElec Regen+
                  | rCorr Dex+3 SH+5}
 47153 | Vaults:5 | Got a silver rune of Zot
 47258 | Vaults:5 | Reached XP level 26. HP: 242/242 MP: 32/32
 47259 | Vaults:5 | Identified the +9 dagger "Notingai" {flame, rPois rC- rN+
                  | Int+4}
 47454 | Vaults:5 | Found Kizasuisk's Distillery.
 47458 | Vaults:5 | Bought a potion of berserk rage for 80 gold pieces
 47458 | Vaults:5 | Bought 2 potions of curing for 96 gold pieces
 47458 | Vaults:5 | Bought a potion of haste for 160 gold pieces
 47458 | Vaults:5 | Bought a potion of might for 64 gold pieces
 47458 | Vaults:5 | Bought a potion of heal wounds for 80 gold pieces
 47458 | Vaults:5 | Bought a potion of mutation for 128 gold pieces
 47458 | Vaults:5 | Bought a potion of invisibility for 128 gold pieces
 47458 | Vaults:5 | Bought a potion of invisibility for 128 gold pieces
 47458 | Vaults:5 | Bought a potion of invisibility for 128 gold pieces
 47485 | Vaults:5 | Found Jis Wath's Magic Scroll Shoppe.
 47490 | Vaults:5 | Bought a scroll of fog for 88 gold pieces
 47490 | Vaults:5 | Bought a scroll of fear for 88 gold pieces
 47490 | Vaults:5 | Bought a scroll of blinking for 165 gold pieces
 47500 | Vaults:5 | Found Uwicwuone's Distillery.
 47505 | Vaults:5 | Bought a potion of mutation for 168 gold pieces
 47505 | Vaults:5 | Bought a potion of heal wounds for 105 gold pieces
 47505 | Vaults:5 | Bought a potion of magic for 168 gold pieces
 47505 | Vaults:5 | Bought a potion of invisibility for 168 gold pieces
 47505 | Vaults:5 | Bought 2 potions of berserk rage for 210 gold pieces
 47505 | Vaults:5 | Bought a potion of haste for 210 gold pieces
 47928 | Vaults:5 | Bought a scroll of enchant armour for 165 gold pieces
 48009 | Vaults:3 | Bought a scroll of enchant armour for 750 gold pieces
 48066 | Vaults:3 | Bought the +3 pair of boots "Niereos" {Dex+2 Stlth+} for
                  | 536 gold pieces
 48132 | Vaults:3 | Bought a scroll of teleportation for 300 gold pieces
 48324 | Orc:2    | Bought a potion of curing for 36 gold pieces
 48324 | Orc:2    | Bought a potion of berserk rage for 60 gold pieces
 48324 | Orc:2    | Bought a potion of curing for 36 gold pieces
 48324 | Orc:2    | Bought a potion of curing for 36 gold pieces
 48324 | Orc:2    | Bought a potion of cancellation for 96 gold pieces
 48325 | Orc:2    | Bought 2 potions of might for 248 gold pieces
 48399 | Elf:2    | Bought a potion of curing for 39 gold pieces
 48399 | Elf:2    | Bought a potion of invisibility for 104 gold pieces
 48399 | Elf:2    | Bought a potion of curing for 39 gold pieces
 48399 | Elf:2    | Bought a potion of enlightenment for 65 gold pieces
 48399 | Elf:2    | Bought a potion of curing for 39 gold pieces
 48428 | Elf:2    | Bought a scroll of fog for 68 gold pieces
 48669 | Depths:4 | Bought a scroll of fog for 44 gold pieces
 48673 | Depths:4 | Bought a potion of curing for 129 gold pieces
 48673 | Depths:4 | Bought a scroll of silence for 408 gold pieces
 48695 | Zot:1    | Entered Level 1 of the Realm of Zot
 48745 | Zot:2    | Received a gift from Okawaru
 49204 | Zot:5    | Entered Level 5 of the Realm of Zot
 49282 | Zot:5    | Received a gift from Okawaru
 49473 | Zot:5    | Got a prismatic gem with 294 turns to spare
 49539 | Zot:5    | Noticed a dread lich
 49556 | Zot:5    | Killed a dread lich
 49580 | Zot:5    | sigh
 49580 | Zot:5    | Noticed an electric golem
 49594 | Zot:5    | Killed an electric golem
 49597 | Zot:5    | Noticed an orb of fire
 49603 | Zot:5    | Gained mutation: You are clumsy. (Dex -2) [an orb of fire]
 49604 | Zot:5    | Killed an orb of fire
 49604 | Zot:5    | Received a gift from Okawaru
 49605 | Zot:5    | Noticed a Killer Klown
 49609 | Zot:5    | Noticed a Killer Klown
 49612 | Zot:5    | Killed a Killer Klown
 49615 | Zot:5    | Noticed a Killer Klown
 49618 | Zot:5    | Killed a Killer Klown
 49622 | Zot:5    | Noticed a dread lich
 49628 | Zot:5    | Killed a dread lich
 49641 | Zot:5    | Killed a Killer Klown
 49771 | Zot:5    | Reached XP level 27. HP: 225/249 MP: 28/32
 49916 | Zot:5    | Noticed an ancient lich
 49926 | Zot:5    | Killed an ancient lich
 49927 | Zot:5    | Reached skill level 21 in Dodging
 49947 | Zot:5    | Reached skill level 21 in Armour
 49994 | Zot:5    | Got the Orb of Zot
 50158 | Depths:1 | Noticed Wozeog the pandemonium lord
 50549 | D:$      | Escaped with the Orb!

Levels and vault maps discovered:
D:1:      dpeg_arrival_erosion, layout_basic, serial_glass, glass_columns_a,
          glass_columns_b
D:2:      layout_loops_ring, basic_altar, shapermc_ecumenical_altar_rom_forum,
          grunt_decor_one_mirror, st_stairs_3, kennysheep_generic_room_7,
          uniq_crazy_yiuf_cottage
D:3:      layout_basic, kennysheep_generic_room_5, uniq_robin
D:4:      layout_cave_pools, makhleb_blood_cavern_becter, serial_bayou_pond_e
D:5:      layout_loops_ring, mainiacjoe_overflow_chevrons, elyvilon_altar_3,
          serial_demonic, serial_demonic_a, serial_demonic_d, serial_demonic_f,
          serial_demonic_g, uniq_prince_ribbit1, uniq_sigmund
D:6:      layout_basic, temple_green, kennysheep_generic_room_11,
          uniq_blork_the_orc
D:7:      layout_rooms, gammafunk_temple_overflow_elements, uniq_maggie,
          uniq_joseph, uniq_pikel
D:8:      minmay_opposing_rooms, layout_basic, roderic_serpentine_path,
          grunt_ministairs_1, uniq_jeremiah, uniq_grum, uniq_maurice
D:9:      layout_cave_pools, st_stairs_14, kennysheep_generic_room_13,
          uniq_gastronok
D:10:     layout_basic, minmay_stone_trees_large, minmay_misc_feat_doors
D:11:     layout_stronghold, erik_lair_orcish_takeover, orc_0_dummy, pond
D:12:     layout_loops_corners, serial_shops, nicolae_lakefront_shop,
          nicolae_stop_n_shop_2, chequers_arboretum
D:13:     layout_irregular_city, david_vaults_4, nzn_ghost_randoct
D:14:     layout_loops_ring, nicolae_elevator_lobby_plus, uniq_snorg
D:15:     grunt_enter_depths_hoard, layout_long_grid, minmay_crystal_water
Temple:   nicolae_temple_bog_church
Lair:1:   layout_layer_cave, st_stairs_9
Lair:2:   layout_regular_city, nicolae_spider_entry_non_spiders,
          grunt_forest_large_clearings, grunt_megastairs_1, uniq_urug,
          uniq_amaemon
Lair:3:   layout_cave_pods, alex1729_swamp_entry_worm_eleionoma
Lair:4:   layout_roguey, special_room [special_room_mythical_zoo],
          patterned_corridor
Lair:5:   minmay_lair_end_frog_pond, layout_gridlike,
          nicolae_slime_entry_field_trip, nicolae_volcano_entry_vermiform,
          lemuel_fruit_tree
Swamp:1:  layout_falls_marsh, evilmike_swamp_ruin_rubble_2,
          infiniplex_staircase_pool
Swamp:2:  nicolae_swamp_ascending_descending, layout_falls_marsh,
          evilmike_swamp_ruin_house_5
Swamp:3:  layout_basic_swamp, basic_altar
Swamp:4:  swamp_vile, layout_basic_swamp, nicolae_swamp_tree_isthmus
Spider:1: layout_cave_pods, hangedman_spider_tarantella_strand
Spider:2: layout_chambers
Spider:3: layout_chambers
Spider:4: johnstein_spider_rune_arachne_lair, gammafunk_ghost_grave,
          hellmonk_deceptive_appearances
Orc:1:    layout_caves, basic_altar, hangedman_minor_magic
Orc:2:    st_orc_ogre_mass, layout_caves, basic_altar, serial_shops, shop,
          lightli_orcish_oven
Elf:1:    layout_rooms, portal_desolation_entry_holy_temple, serial_shops, shop,
          nicolae_elf_blasts_and_bolts, pf_eden, uniq_roxanne
Elf:2:    nicolae_elf_blades_splatter_lattice [infiniplex_blade_entry_pillars],
          layout_geoelf_grid, serial_shops, nicolae_shop_hallway_stairs, shop,
          shop, nicolae_square_shop, shop, gammafunk_ghost_tricky_traps,
          serial_co_window_serial, co_window_paths_b,
          co_window_of_opportunity_a, co_window_paths_b,
          co_window_of_opportunity_a, co_window_paths_a, co_window_corner_cb,
          co_window_of_opportunity_c, co_window_corner_b, co_window_corner_ca,
          glass_columns_b, glass_columns_a, glass_columns_c, uniq_jorgrun,
          uniq_zenata
Elf:3:    minmay_elf_hall_dome, layout_rooms, hellmonk_ghost_big_iron
Vaults:1: advil_vaults_ghost_lines, nicolae_vaults_little_squares_3,
          nicolae_vaults_antechamber_and_loot_room, v_misc_25, v_misc_29,
          ontoclasm_vaults_pinch, serial_library_hellmonk_angled_corner,
          grunt_vaults_hallway_short, nicolae_vaults_tetromino_T_1,
          nicolae_vaults_layer_cake_slice, layout_vaults_chaotic_city,
          uniq_nikola
Vaults:2: lightli_enter_wizlab_magi_temple, nicolae_vaults_closet_pinwheel_3,
          nicolae_vaults_more_shelving_2, nicolae_vaults_shipping_containers_6,
          nicolae_vaults_storage_room_doors, v_alt_pattern_2,
          hangedman_vaults_unwind, minmay_crypt_entry_vampire_xt,
          hangedman_vaults_stream, grunt_vaults_bifocal, v_rooms_5,
          nicolae_vaults_little_squares_5, vaults_dpeg_diagonal,
          ontoclasm_vaults_twist, vaults_dpeg_hooks,
          nicolae_vaults_diagonal_hallway_8, layout_vaults_omnibox
Vaults:3: hangedman_vaults_pinch, hangedman_vaults_snaps, grunt_vaults_diagonal,
          v_misc_22, kennysheep_vaults_gozag_temple,
          nicolae_vaults_cornered_office, nicolae_vaults_sightless_eye,
          nicolae_vaults_tetromino_Z_2, layout_vaults_ring, serial_shops, shop,
          shop
Vaults:4: nicolae_vaults_weapon_check, ontoclasm_vaults_decontamination,
          nicolae_vaults_double_plus_2, nicolae_vaults_specimen_jars, v_misc_22,
          layout_vaults_maze_snakey, serial_shops, nicolae_shop_tiny_glass,
          uniq_xtahua, uniq_norris, uniq_mennas, uniq_mara
Vaults:5
Crypt:1:  layout_chaotic_city, serial_library_hellmonk_metal_room
Crypt:2:  lemuel_minitomb, layout_rooms, nicolae_nh_vlads_tower
Crypt:3:  quadcrypt_mu
Depths:1: layout_forbidden_donut, hellmouth_1, hangedman_abyss_or_decor_stabs,
          nzn_life_drinkers
Depths:2: kennysheep_spiral_hall, layout_honeycomb, enter_ziggurat_b,
          rand_demon_pan_entry_3, grunt_mini_vestibule,
          nemelex_diamond_rough_becter, hellmonk_guarded_unrand_dark_maul,
          infiniplex_staircase_pool_2
Depths:3: evilmike_cross, layout_cave_shapes, hangedman_abyss_entry_splay,
          grunt_hell_entry_dis_mu, skrybe_limestone_x, fiery_altar_vehumet,
          infiniplex_staircase_spiral
Depths:4: grunt_zot_entry_alcove, layout_basic, hell_entry,
          infiniplex_staircase_pool_lava, minmay_shop_star
Zot:1:    layout_twisted_circle, grunt_ministairs_2, st_stairs_13,
          regret_index_zotdec_gossamer_parallel
Zot:2:    layout_misc_corridors, zot_minivault_5
Zot:3:    layout_onion_interference, regret_index_zotdec_twisting_globes,
          lemuel_elevator
Zot:4:    regret_index_zot_pan_timeshare, layout_gridville
Zot:5:    layout_basic

Action                     |  1- 3 |  4- 6 |  7- 9 | 10-12 | 13-15 | 16-18 | 19-21 | 22-24 | 25-27 || total
---------------------------+-------+-------+-------+-------+-------+-------+-------+-------+-------++-------
  Melee: War axe           |    64 |     4 |       |       |       |       |       |       |       ||    68
         Club              |    10 |       |       |       |       |       |       |       |       ||    10
         Falchion          |    32 |       |       |       |       |       |       |       |       ||    32
         Hand axe          |     9 |       |       |       |       |       |       |       |       ||     9
         Morningstar       |     5 |   115 |    85 |       |       |       |       |       |       ||   205
         Whip              |     3 |    98 |    44 |       |       |       |       |       |       ||   145
         Flail             |       |       |   154 |   622 |   213 |       |       |       |       ||   989
         Demon whip        |       |       |       |       |   556 |   772 |   386 |       |       ||  1714
         Eveningstar       |       |       |       |       |   528 |   833 |  1197 |   974 |  1128 ||  4660
         Unarmed           |       |       |       |       |       |     5 |       |       |       ||     5
         Sacred scourge    |       |       |       |       |       |       |       |   698 |       ||   698
  Throw: Dart              |     2 |     1 |     2 |     4 |     8 |     2 |     5 |       |       ||    24
 Invoke: Heroism           |       |       |       |     4 |     5 |     1 |     3 |     1 |     6 ||    20
         Receive Weapon    |       |       |       |       |     1 |       |       |       |       ||     1
         Receive Armour    |       |       |       |       |     1 |       |       |       |       ||     1
         Finesse           |       |       |       |       |     5 |     4 |    14 |     5 |     8 ||    36
Ability: Invent Gizmo      |       |       |       |       |     1 |       |       |       |       ||     1
  Evoke: Wand              |       |       |       |    13 |    17 |     4 |     2 |     4 |     6 ||    46
         Lightning rod     |       |       |       |       |     4 |     8 |       |       |     1 ||    13
         Condenser vane    |       |       |       |       |     1 |     1 |       |       |       ||     2
    Use: Scroll            |     4 |     8 |     6 |    13 |     5 |     2 |    13 |     4 |    18 ||    73
         Potion            |       |     1 |     1 |     2 |     2 |     3 |     5 |     4 |    11 ||    29
   Stab: Paralysed         |       |       |       |     1 |     5 |       |       |       |       ||     6
         Confused          |       |       |       |       |     2 |       |       |       |       ||     2
         Distracted        |       |       |       |       |       |       |     7 |    16 |    19 ||    42
 Armour: Scale mail        |    32 |       |       |       |   304 |   663 |   394 |   378 |   147 ||  1918
         Plate armour      |    13 |   105 |   161 |   314 |   106 |       |       |       |       ||   699
         Skin              |       |       |       |       |       |     4 |       |       |       ||     4
         Acid dragon scale |       |       |       |       |       |       |       |    14 |       ||    14
         Fire dragon scale |       |       |       |       |       |       |       |       |   121 ||   121
  Dodge: Dodged            |    28 |    18 |    36 |    93 |   224 |   371 |   372 |   496 |   285 ||  1923
  Block: Other             |       |       |       |       |       |    76 |    82 |    81 |    44 ||   283
Riposte: Eveningstar       |       |       |       |       |       |    28 |   136 |   116 |   108 ||   388
         Demon whip        |       |       |       |       |       |    25 |    45 |       |       ||    70
         Sacred scourge    |       |       |       |       |       |       |       |   125 |       ||   125
